Map: King's Cove LE

Players

Polioprepper

  • Race: Zerg Zerg
  • League: Platinum
  • Spawn Location: 5:00

Smeeeger - Winner!

  • Race: Zerg Zerg
  • League: Platinum
  • Spawn Location: 11:00

VOD

Have the link to the VOD?

Description

Time

  • Played on: July 24, 2019, 9:02 a.m.
  • Length: 8:47
Show
View Real Time Build Order
Export as new Build Order

Polioprepper Zerg 

Build Orders: Pool First 

Get SALT Encoding   

  12  0:20  Spawning Pool  
  11  0:22  Drone  
  11  0:28  Drone  
  13  0:32  Extractor  
  13  0:35  Drone  
  13  0:45  Overlord  
  13  1:08  Zergling x6  
  16  1:17  Queen  
  18  1:25  Zergling x2  
  19  1:36  Metabolic Boost  
  19  1:45  Drone x2  
  21  1:53  Overlord  
  21  2:16  Zergling x2  
  22  2:24  Drone  
  22  2:26  Hatchery  
  22  2:30  Drone  
  21  2:49  Zergling x6  
  22  3:03  Zergling x2  
  23  3:10  Zergling x2  
  24  3:25  Zergling x2  
  25  3:27  Queen  
  25  3:32  Zergling x6  
  30  3:37  Overlord  
  30  3:43  Zergling x2  
  31  3:49  Zergling x4  
  33  4:03  Drone x2  
  26  4:23  Drone  
  26  4:24  Drone x4  
  28  4:45  Baneling Nest  
  27  4:46  Zergling x2  
  27  4:47  Zergling x10  
  27  4:49  Queen  
  35  5:02  Zergling x6  
  24  5:25  Drone x3  
  27  5:40  Baneling x2  
  22  5:57  Drone  
  22  5:58  Drone x6  
  29  6:09  Drone  
  30  6:15  Roach Warren  
  30  6:18  Drone x3  
  32  6:29  Zergling x6  
  35  6:36  Spine Crawler  
  34  6:49  Baneling x2  
  34  6:50  Baneling x2, Zergling x2  
  34  6:51  Zergling x2  
  34  6:52  Overlord x2  
  18  7:32  Drone x5  
  18  7:35  Drone x6  
  29  7:45  Spine Crawler  
  29  7:49  Drone  
  29  7:52  Queen  
  31  8:01  Roach x2  
Show
View Real Time Build Order
Export as new Build Order

Smeeeger Zerg - Winner!

Build Orders: Hatch First 

Get SALT Encoding   

  12  0:01  Drone  
  13  0:16  Overlord  
  13  0:19  Drone  
  14  0:34  Drone x2  
  16  0:38  Drone  
  17  0:49  Drone  
  18  0:59  Hatchery  
  18  1:01  Drone  
  18  1:03  Extractor  
  17  1:13  Drone  
  18  1:20  Spawning Pool  
  18  1:25  Drone  
  18  1:32  Drone  
  19  1:43  Overlord  
  19  2:10  Queen, Zergling x4  
  19  2:13  Queen  
  19  2:15  Zergling x2  
  26  2:17  Zergling x2, Metabolic Boost  
  27  2:23  Zergling x2  
  27  2:28  Zergling x2  
  29  2:35  Zergling x2  
  27  2:44  Zergling x4  
  27  2:48  Zergling x2  
  28  2:57  Drone  
  29  3:00  Zergling x2  
  29  3:05  Overlord  
  30  3:08  Drone  
  31  3:18  Drone  
  32  3:21  Drone  
  32  3:23  Hatchery  
  32  3:29  Drone x2  
  32  3:30  Drone x2  
  36  3:38  Queen  
  38  3:43  Overlord  
  38  3:52  Zergling x6  
  38  3:53  Zergling x2  
  42  4:03  Drone x2, Baneling Nest  
  41  4:13  Zergling x10  
  41  4:15  Zergling x2  
  43  4:17  Zergling x2  
  44  4:44  Drone x3  
  44  4:45  Drone x2  
  49  4:46  Queen  
  51  4:56  Overlord  
  51  4:57  Overlord x2  
  49  5:10  Zergling x22  
  51  5:23  Drone x3, Extractor  
  51  5:24  Drone x2, Extractor  
  54  5:38  Drone  
  54  5:39  Drone x2, Overlord x3  
  54  5:41  Baneling  
  54  5:42  Baneling x3  
  57  5:56  Zergling x14  
  54  6:08  Zergling x6  
  54  6:09  Drone x6  
  63  6:14  Lair  
  63  6:18  Baneling x3  
  63  6:31  Drone  
  63  6:32  Drone  
  65  6:33  Drone x5  
  70  6:42  Baneling  
  70  6:43  Baneling x7  
  70  7:00  Drone x2  
  70  7:01  Drone x3, Overlord x3  
  64  7:33  Zergling x24  
  64  7:34  Zergling x8  
  80  7:47  Lair  
  80  7:48  Hatchery, Zergling x14  
  80  7:50  Hatchery  
  85  8:00  Drone x3  
  88  8:06  Hydralisk Den  
  86  8:22  Overlord  
  86  8:25  Extractor  
  83  8:27  Extractor  
  83  8:29  Drone x2, Extractor  
Tags
 
Add a new tag
Caveats
  • Supply blocks, unpowered buildings, or Contaminate may cause inaccurate times.
  • Supply counts are checked every 10 seconds.